 Dungeon Crawl Stone Soup version 0.26-a0-712-ga5a9c9c9d0 (webtiles) character file.

Game seed: 10596330806725790211

5469 kae the Martial Artist (level 10, -1/61 HPs)
             Began as an Octopode Transmuter on Nov 10, 2020.
             Was a Follower of Hepliaklqana.
             Slain by a vampire (8 damage)
             ... on level 8 of the Dungeon.
             The game lasted 00:12:37 (12202 turns).

kae the Martial Artist (Octopode Transmuter)       Turns: 12202, Time: 00:12:38

Health: -1/61      AC:  5    Str: 12    XL:     10   Next: 69%
Magic:  10/14      EV: 16    Int: 17    God:    Hepliaklqana [*.....]
Gold:   510        SH:  0    Dex: 12    Spells: 2/15 levels left

rFire    + . .     SeeInvis .     - Unarmed
rCold    . . .     Faith    .   (shield currently unavailable)
rNeg     . . .     Spirit   .   (helmet restricted)
rPois    .         Reflect  .   n - amulet of the acrobat
rElec    .         Harm     .   g - ring of stealth
rCorr    .         Rampage  .   m - ring of stealth
MR       .....                  k - +4 ring of protection
Stlth    +++++.....             l - ring of protection from fire
HPRegen  0.20/turn              (no ring)
MPRegen  0.14/turn              (no ring)
                                (no ring)
                                (no ring)

@: blade tentacles
A: almost no armour, stealthy swim, amphibious, 8 rings, constrict 8, reduced
essence, camouflage 1, gelatinous body 1
a: End Transformation, Recall Ancestor, Ancestor Identity, Renounce Religion


You were on level 8 of the Dungeon.
You worshipped Hepliaklqana.
Hepliaklqana was aware of your devotion.
You had blades for tentacles.
You visited 2 branches of the dungeon, and saw 10 of its levels.
You also visited: Sewer.

You collected 510 gold pieces.

Inventory:

Jewellery
 g - a ring of stealth (left scythe-like blade)
 k - a +4 ring of protection (on tentacle)
 l - a ring of protection from fire (on tentacle)
 m - a ring of stealth (right scythe-like blade)
 n - an amulet of the acrobat (around mantle)
 p - an uncursed amulet of faith
 v - an uncursed ring of fire
Wands
 f - a wand of enslavement (4)
 s - a wand of digging (5)
Scrolls
 c - 5 scrolls of remove curse
 j - 5 scrolls of amnesia
 o - 2 scrolls of magic mapping
 r - a scroll of teleportation
Potions
 a - 2 potions of curing
 d - 2 potions of flight
 e - a potion of magic
 h - 3 potions of heal wounds
 i - a potion of brilliance
 q - a potion of lignification
 t - a potion of might
 w - a potion of cancellation


   Skills:
 + Level 6.1 Fighting
 + Level 6.4 Dodging
 - Level 3.0 Stealth
 * Level 9.4 Unarmed Combat
 - Level 3.0 Spellcasting
 * Level 9.1 Transmutations


You had 2 spell levels left.
You knew the following spells:

 Your Spells              Type           Power        Failure   Level
a - Beastly Appendage     Tmut           ####..       11%         1
b - Spider Form           Tmut/Pois      ###.......   43%         3
c - Blade Hands           Tmut           ####......   50%         5
d - Ice Form              Ice/Tmut       ###.....     69%         4

Your spell library contained the following spells:

 Spells                   Type           Power        Failure   Level
 Wereblood                Tmut           ####....     13%         2
 Petrify                  Tmut/Erth      ###.....     69%         4
 Confusing Touch          Hex            #.......     85%         3
 Gell's Gravitas          Tloc           #.........   85%         3
 Yara's Violent Unravell  Hex/Tmut       ###.......   91%         5
 Metabolic Englaciation   Hex/Ice        #.........   100%        5


Dungeon Overview and Level Annotations

Branches:
Dungeon (9/15)             Temple (1/1) D:7           Sewer (visited)
   Lair: D:8-11         Orc: D:9-12

Altars:
Ashenzari
Cheibriados
Dithmenos
Elyvilon
Fedhas
Gozag
Hepliaklqana
Kikubaaqudgha
Makhleb
Okawaru
Qazlal
Sif Muna
Trog
Uskayaw
Vehumet
Wu Jian
Xom
Zin
The Shining One

Shops:
D:5 *


Innate Abilities, Weirdness & Mutations

You cannot wear most types of armour.
You are very stealthy in the water. (Stealth+)
You are amphibious.
You can wear up to eight rings at the same time.
You can use your tentacles to constrict eight enemies at once.
Your skin changes colour to match your surroundings (Stealth+).
Your rubbery body absorbs attacks. (AC +1, EV +1)
Your life essence is reduced to manifest your ancestor. (-10% HP)


Message History

Something barely misses you. Something bites you!
* * * LOW HITPOINT WARNING * * *
Something draws strength from your injuries!
The orc hits Tenoch with a +0 whip.
The orc throws a boomerang.
The weapon returns to the orc!
Something barely misses Tenoch.
You climb upwards.
Reactivating autopickup.
There is a stone staircase leading down here.
You barely miss the orc. Your grab misses the orc.
The orc is lightly wounded.
The orc closely misses you.
You hear some strange, mumbled words.
Deactivating autopickup; reactivate with Ctrl-A.
You are confused.
You feel better. The orc hits you with a +0 whip.
* * * LOW HITPOINT WARNING * * *
Something hits you!
* * * LOW HITPOINT WARNING * * *
Something bites you!
You die...

)####.###.# ### ..##...##.#
##.####### ...#.#.##.#
#........# ..##...##.#
##.#####.# ..##.####.####### #.#
#.# #.##.####..##...# ##.## #.#
..........##♣.>.♣## ###...####.#
#.##.####.#.([....###..........#
#.##.# #.#.<.♣o@.#...#...####>##
#.##.# #.#.......######.## #...
#.##.#######♣...♣## #.# ####
...........##...### #.# #
###..######.##'##[# #.# #
#..######.##.##.######.# #
#.........##.##........# #
#.######....#(#################
###.# #.###(## #)........


You could see an orc.

Vanquished Creatures
  Pikel (D:5)
  A manticore (D:7)
  A centaur zombie (D:8)
  A wyvern (D:8)
  2 orc warriors
  A sky beast (D:5)
  An ice beast (D:8)
  An eye of draining (D:8)
  6 ogres
  3 centaurs
  3 lemures (D:5)
  2 big kobolds
  5 bullfrogs
  A scorpion (D:8)
  A wyvern skeleton (D:6)
  15 killer bees
  2 howler monkeys (D:7)
  4 orc priests
  5 hounds
  A centaur skeleton (D:4)
  12 orc wizards
  2 bullfrog skeletons
  Terence (D:2)
  6 iguanas
  8 worker ants
  A killer bee zombie (D:5)
  A hound skeleton (D:8)
  13 adders
  6 gnolls
  4 river rats
  A shadow imp (D:8)
  2 white imps
  An ufetubus (D:5)
  2 oozes
  An adder zombie (D:7)
  An adder skeleton (D:6)
  3 worms
  5 dart slugs (D:1)
  6 leopard geckos
  28 orcs
  10 giant cockroaches
  9 goblins
  8 hobgoblins
  15 jackals
  2 quokkas
  A ball python (D:1)
  6 bats
  6 frilled lizards
  14 kobolds
  A quokka skeleton (D:8)
  14 rats
247 creatures vanquished.

Vanquished Creatures (collateral kills)
  A water moccasin (D:7)
  A water moccasin skeleton (D:8)
  A worker ant (D:8)
  A hound zombie (D:8)
  An orc (D:8)
  A quokka (D:8)
6 creatures vanquished.

Vanquished Creatures (others)
  An ancestor (D:8)
  An orc wizard (D:7)
  A bush (D:8)
3 creatures vanquished.

Grand Total: 256 creatures vanquished

Notes
Turn   | Place    | Note
-------+----------+-------------------------------------------
     0 | D:1      | kae the Octopode Transmuter began the quest for the Orb.
     0 | D:1      | Reached XP level 1. HP: 13/13 MP: 3/3
    17 | D:1      | Reached XP level 2. HP: 18/18 MP: 3/5
   139 | D:1      | Reached skill level 1 in Stealth
   245 | D:1      | Reached XP level 3. HP: 18/23 MP: 4/6
  1041 | D:2      | Reached XP level 4. HP: 13/28 MP: 7/7
  1572 | D:2      | Noticed an ogre
  1612 | D:2      | Learned a level 3 spell: Spider Form
  1691 | D:2      | Killed an ogre
  1691 | D:2      | Reached XP level 5. HP: 34/34 MP: 4/8
  1997 | D:2      | Noticed Terence
  2007 | D:2      | Killed Terence
  2502 | D:3      | Reached XP level 6. HP: 29/39 MP: 9/9
  2611 | D:3      | Found an iron altar of Okawaru.
  2721 | D:3      | Found a glowing drain.
  2764 | Sewer    | Entered a sewer
  3259 | Sewer    | Found a white marble altar of Elyvilon.
  3660 | D:3      | Reached XP level 7. HP: 24/45 MP: 8/11
  4708 | D:4      | Found a radiant altar of Vehumet.
  5155 | D:4      | Reached skill level 5 in Unarmed Combat
  5195 | D:4      | Found a glowing silver altar of Zin.
  5685 | D:4      | Found a hide-covered altar of Uskayaw.
  6121 | D:5      | Entered Level 5 of the Dungeon
  6292 | D:5      | Reached skill level 5 in Transmutations
  6292 | D:5      | Reached XP level 8. HP: 27/52 MP: 5/12
  6495 | D:5      | Found a shimmering blue altar of Sif Muna.
  6651 | D:5      | Found Taf Womp's General Store.
  6735 | D:5      | Noticed Pikel
  6885 | D:5      | Killed Pikel
  7686 | D:6      | Reached XP level 9. HP: 58/58 MP: 9/13
  7763 | D:6      | Found an opulent altar of Gozag.
  8030 | D:6      | Reached skill level 5 in Dodging
  8740 | D:7      | Found a broken altar of Ashenzari.
  8782 | D:7      | Noticed a manticore
  8804 | D:7      | Killed a manticore
  8804 | D:7      | Reached skill level 5 in Fighting
  8876 | D:7      | Found a staircase to the Ecumenical Temple.
  8916 | Temple   | Entered the Ecumenical Temple
  9471 | Temple   | Became a worshipper of Hepliaklqana the Forgotten
  9659 | D:7      | Found a shimmering blue altar of Sif Muna.
  9683 | D:7      | Reached XP level 10. HP: 51/59 MP: 5/14
 10650 | D:8      | Found a burning altar of Makhleb.
 10686 | D:8      | Learned a level 5 spell: Blade Hands
 10691 | D:8      | Learned a level 4 spell: Ice Form
 10920 | D:8      | Found a stormy altar of Qazlal.
 11193 | D:8      | Found an ancient bone altar of Kikubaaqudgha.
 11759 | D:8      | Reached * piety under Hepliaklqana
 12202 | D:8      | Slain by a vampire

Illustrated notes

Levels and vault maps discovered:
D:1:      saegor_arrival_simple_e, layout_rooms
D:2:      layout_rooms, minmay_tromino_i4, uniq_terence
D:3:      layout_loops_corners, portal_sewer_entry_c, okawaru_ov_weapons_minmay
D:4:      layout_basic, old_standard_altar, kennysheep_little_box,
          nicolae_overflow_crystal_walls, minmay_checkerbox
D:5:      layout_gridville, nicolae_overflow_hidden_temple, serial_shops,
          kennysheep_mini, chequers_decorated_corner, uniq_pikel
D:6:      layout_basic, marbit_many_paths, minmay_crystal_room
D:7:      kennysheep_orc_sif_temple, layout_basic,
          ashenzari_conservatory_becter, minmay_temple_entry_mini_moons
D:8:      layout_loops_ring, lemuel_crystal_altar, bloody_makhleb,
          lemuel_round_altar, kb_lookout_dungeons_type, grunt_ministairs_7
D:9:      layout_loops_ring, nemelex_xobeh_ov_fountains_minmay,
          nicolae_ru_great_annihilating_truth, lair_entry_dummy, erik_orc_4,
          hangedman_pestilent_swarm
Temple:   chequers_temple_sunken

Skill      XL: |  1  2  3  4  5  6  7  8  9 10 |
---------------+-------------------------------+-----
Stealth        | 1 2 3 |  3.0
Transmutations | 3 4 5 6 8 9 |  9.1
Fighting       | 2 3 4 5 6 |  6.1
Unarmed Combat | 4 5 6 8 9 |  9.4
Dodging        | 3 4 5 6 |  6.4
Spellcasting   | 3 |  3.0

Action                   |  1- 3 |  4- 6 |  7- 9 | 10-12 || total
-------------------------+-------+-------+-------+-------++-------
Melee: Unarmed           |    44 |   164 |   342 |   164 ||   714
       Tentacles         |     8 |    15 |    23 |    13 ||    59
       Constrict         |    16 |    31 |    35 |    11 ||    93
       Kick              |     4 |    27 |    15 |       ||    46
       Punch             |     1 |     3 |     8 |     9 ||    21
 Cast: Beastly Appendage |    13 |    20 |    28 |       ||    61
       Spider Form       |       |     4 |    33 |    11 ||    48
       Blade Hands       |       |       |       |     5 ||     5
  Use: Scroll            |     3 |     4 |    11 |     2 ||    20
       Potion            |       |     3 |     5 |     3 ||    11
 Stab: Sleeping          |       |     9 |    19 |     9 ||    37
       Distracted        |       |       |     1 |     1 ||     2
Armor: Skin              |     4 |    23 |    30 |    13 ||    70
Dodge: Dodged            |    20 |    97 |   271 |   151 ||   539

Table legend: (Time is in decaauts)
 A = Elapsed time spent in this place.
 B = Non-inter-level travel time spent in this place.
 C = Inter-level travel time spent in this place.
 D = Time resting spent in this place.
 E = Time spent auto-exploring this place.
 F = Levels seen in this place.
 G = Mean time per level.
                   A        B        C        D        E       F      G
               +--------+--------+--------+--------+--------+-----+--------+
         Total |  12130 |  11833 |    297 |   1693 |   7920 |  11 | 1102.7 |
       Dungeon |  11026 |  10769 |    257 |   1532 |   7276 |   9 | 1225.1 |
        Temple |    576 |    536 |     40 |     18 |    515 |   1 |  576.0 |
         Sewer |    528 |    528 |      0 |    143 |    129 |   1 |  528.0 |
               +--------+--------+--------+--------+--------+-----+--------+

Top non-repeatable levels by time:
     D:8: 1681 daAuts
     D:3: 1635 daAuts
     D:4: 1495 daAuts
     D:5: 1434 daAuts
     D:2: 1410 daAuts
     D:7: 1259 daAuts
     D:6: 1049 daAuts
     D:1: 1033 daAuts
  Temple: 576 daAuts
   Sewer: 528 daAuts
     D:9: 27 daAuts
